TOP OF THE 1ST |
Midland RockHounds batting - Pitching for Corpus Christi Hooks : LHP Miguel Yepez
|
Pitching: LHP Miguel Yepez
|
|
Batting: SHB Robert Santiago
|
0-0: Ball 1-0: Swinging Strike 1-1: SINGLE (Groundball, 56S, EV 98.1 MPH)
|
Batting: SHB Ryan Chicoine
|
0-0: Called Strike 0-1: Grounds into double play, 4-6-3 (Groundball, 4, EV 100.6 MPH)
|
Batting: RHB Jonathan Gallup
|
0-0: Ball 1-0: Ball 2-0: Fly out, F8 (Line Drive, 78D, EV 88.8 MPH)
|
Top of the 1st over - 0 runs, 1 hit, 0 errors, 0 left on base; Midland 0 - Corpus Christi 0 |
BOTTOM OF THE 1ST |
Corpus Christi Hooks batting - Pitching for Midland RockHounds : RHP Mike Staus
|
Pitching: RHP Mike Staus
|
|
Batting: RHB Edgar Trejo
|
0-0: Ball 1-0: Swinging Strike 1-1: Ball 2-1: DOUBLE (Line Drive, 78M, EV 96.9 MPH)
|
Batting: RHB Sean Mounts
|
0-0: Ball 1-0: Swinging Strike 1-1: Called Strike 1-2: Strikes out swinging
|
Batting: RHB Bruce Bermudez
|
0-0: Ball 1-0: Ball 2-0: Foul Ball, location: 2F 2-1: Called Strike 2-2: Fly out, F7 (Flyball, 7, EV 93.1 MPH)
|
Batting: LHB Josh Birkner
|
0-0: Foul Ball, location: 2F 0-1: Ground out U3 (Groundball, 3, EV 80.0 MPH)
|
Bottom of the 1st over - 0 runs, 1 hit, 0 errors, 1 left on base; Midland 0 - Corpus Christi 0 |
TOP OF THE 2ND |
Midland RockHounds batting - Pitching for Corpus Christi Hooks : LHP Miguel Yepez
|
Batting: RHB Scott Wiggs
|
0-0: Ball 1-0: Called Strike 1-1: Ball 2-1: Called Strike 2-2: Ball 3-2: Base on Balls
|
Batting: LHB Tomas Segarra
|
0-0: Ball Scott Wiggs steals 2nd base 1-0: Ball 2-0: Called Strike 2-1: Foul Ball, location: 2F 2-2: Ball 3-2: Foul Ball, location: 2F 3-2: Ground out U3 (Groundball, 3, EV 102.5 MPH) Scott Wiggs to third
|
Batting: LHB Alan Bianchard
|
0-0: Ball 1-0: Ball 2-0: Ball 3-0: Called Strike 3-1: Base on Balls
|
Batting: LHB Tom Raupp
|
0-0: SINGLE (Flyball, 8LS, EV 90.0 MPH) Scott Wiggs scores Alan Bianchard to second
|
Batting: RHB Todd Vanasco
|
0-0: Called Strike 0-1: Swinging Strike 0-2: Foul Ball, location: 2F 0-2: Ball 1-2: Strikes out swinging
|
Batting: LHB Jose Mojica
|
0-0: Foul Ball, location: 2F 0-1: Ball 1-1: Ball 2-1: Ball 3-1: Ground out 4-3 (Groundball, 4, EV 105.6 MPH)
|
Top of the 2nd over - 1 run, 1 hit, 0 errors, 2 left on base; Midland 1 - Corpus Christi 0 |
BOTTOM OF THE 2ND |
Corpus Christi Hooks batting - Pitching for Midland RockHounds : RHP Mike Staus
|
Batting: RHB Andrew Pride
|
0-0: Called Strike 0-1: Ball 1-1: Swinging Strike 1-2: Strikes out looking
|
Batting: RHB Nick Deegan
|
0-0: Called Strike 0-1: Called Strike 0-2: Reached on error, E6 (Groundball, 6, EV 91.2 MPH)
|
Batting: RHB Workneh Lagat
|
0-0: Ball 1-0: Called Strike 1-1: Ground out 3-1 (Groundball, 13, EV 85.6 MPH) Nick Deegan to third
|
Batting: LHB Jackson Trottier
|
0-0: Foul Ball, location: 2F 0-1: Single, Error in OF, E9, batter to second base (Groundball, 34D, EV 95.0 MPH) Nick Deegan scores
|
Batting: RHB Evan Fry
|
0-0: Ground out U3 (Groundball, 34S, EV 68.8 MPH)
|
Bottom of the 2nd over - 1 run, 1 hit, 2 errors, 1 left on base; Midland 1 - Corpus Christi 1 |
TOP OF THE 3RD |
Midland RockHounds batting - Pitching for Corpus Christi Hooks : LHP Miguel Yepez
|
Batting: SHB Robert Santiago
|
0-0: Swinging Strike 0-1: Ball 1-1: Foul Ball, location: 2F 1-2: Ball 2-2: Ball 3-2: SINGLE (Groundball, P, EV 85.6 MPH) (infield hit)
|
Batting: SHB Ryan Chicoine
|
0-0: Ball 1-0: Called Strike 1-1: Called Strike 1-2: Strikes out swinging
|
Batting: RHB Jonathan Gallup
|
0-0: Ball Robert Santiago steals 2nd base 1-0: Called Strike 1-1: Called Strike 1-2: Foul Ball, location: 2F 1-2: Ball 2-2: Strikes out swinging
|
Batting: RHB Scott Wiggs
|
0-0: Ball 1-0: Called Strike 1-1: Ball 2-1: Foul Ball, location: 2F 2-2: Ground out 6-3 (Groundball, 6, EV 81.2 MPH)
|
Top of the 3rd over - 0 runs, 1 hit, 0 errors, 1 left on base; Midland 1 - Corpus Christi 1 |
BOTTOM OF THE 3RD |
Corpus Christi Hooks batting - Pitching for Midland RockHounds : RHP Mike Staus
|
Batting: RHB Edgar Trejo
|
0-0: Ball 1-0: Ground out U3 (Groundball, 3S, EV 69.4 MPH)
|
Batting: RHB Sean Mounts
|
0-0: Foul Ball, location: 2F 0-1: Ball 1-1: Ball 2-1: Fly out, F7 (Flyball, 7, EV 88.1 MPH)
|
Batting: RHB Bruce Bermudez
|
0-0: Ball 1-0: Foul Ball, location: 2F 1-1: Ball 2-1: SINGLE (Line Drive, 9LS, EV 106.2 MPH)
|
Batting: LHB Josh Birkner
|
0-0: Called Strike 0-1: Called Strike 0-2: Foul Ball, location: 2F 0-2: Ball 1-2: Ball 2-2: Foul Ball, location: 2F 2-2: Foul Ball, location: 2F 2-2: Ball Bruce Bermudez steals 2nd base 3-2: SINGLE (Groundball, 34D, EV 103.1 MPH) Bruce Bermudez to third Runner from 3rd tries for Home, throw by RF and OUT! 9-2
|
Bottom of the 3rd over - 0 runs, 2 hits, 0 errors, 1 left on base; Midland 1 - Corpus Christi 1 |
TOP OF THE 4TH |
Midland RockHounds batting - Pitching for Corpus Christi Hooks : LHP Miguel Yepez
|
Batting: LHB Tomas Segarra
|
0-0: Ball 1-0: Ball 2-0: Ground out 1-3 (Groundball, 34S, EV 69.4 MPH)
|
Batting: LHB Alan Bianchard
|
0-0: Called Strike 0-1: Called Strike 0-2: Ball 1-2: Fly out, F9 (Flyball, 89M, EV 98.1 MPH)
|
Batting: LHB Tom Raupp
|
0-0: Ball 1-0: Foul Ball, location: 2F 1-1: Fly out, F3 (Popup, 3SF, EV 71.2 MPH)
|
Top of the 4th over - 0 runs, 0 hits, 0 errors, 0 left on base; Midland 1 - Corpus Christi 1 |
BOTTOM OF THE 4TH |
Corpus Christi Hooks batting - Pitching for Midland RockHounds : RHP Mike Staus
|
Batting: RHB Andrew Pride
|
0-0: Ball 1-0: Ball 2-0: Called Strike 2-1: Ball 3-1: Called Strike 3-2: Base on Balls
|
Batting: RHB Nick Deegan
|
0-0: Ball 1-0: Ball Andrew Pride is caught stealing 2nd base 2-4 2-0: Foul Ball, location: 2F 2-1: Foul Ball, location: 2F 2-2: Strikes out swinging
|
Batting: RHB Workneh Lagat
|
0-0: Ball 1-0: Ball 2-0: Ball 3-0: Called Strike 3-1: Foul Ball, location: 2F 3-2: Foul Ball, location: 2F 3-2: Ground out 2-3 (Groundball, 2R, EV 66.2 MPH)
|
Bottom of the 4th over - 0 runs, 0 hits, 0 errors, 0 left on base; Midland 1 - Corpus Christi 1 |
TOP OF THE 5TH |
Midland RockHounds batting - Pitching for Corpus Christi Hooks : LHP Miguel Yepez
|
Batting: RHB Todd Vanasco
|
0-0: Swinging Strike 0-1: Ball 1-1: Called Strike 1-2: Ball 2-2: Foul Ball, location: 2F 2-2: Foul Ball, location: 2F 2-2: Fly out, F8 (Flyball, 8RD, EV 88.1 MPH)
|
Batting: LHB Jose Mojica
|
0-0: Swinging Strike 0-1: Ball 1-1: Ball 2-1: Foul Ball, location: 2F 2-2: Reached on error, E4 (Groundball, 4, EV 108.1 MPH)
|
Batting: SHB Robert Santiago
|
0-0: Foul Ball, location: 2F 0-1: Swinging Strike 0-2: Ball 1-2: SINGLE (Line Drive, 8LS, EV 87.5 MPH) Jose Mojica to second Runner from 2nd tries for 3rd, SAFE, no throw by CF
|
Batting: SHB Ryan Chicoine
|
0-0: Foul Ball, location: 2F 0-1: Ball 1-1: Called Strike 1-2: SINGLE (Groundball, 56D, EV 98.1 MPH) Jose Mojica scores Robert Santiago to second
|
Batting: RHB Jonathan Gallup
|
0-0: Foul Ball, location: 2F 0-1: Ball 1-1: Ball 2-1: Called Strike 2-2: Ball 3-2: Fielders Choice at 3rd, U5 (Groundball, 5L, EV 96.9 MPH) Ryan Chicoine to second
|
Pitching: LHP Mike Holloway
|
|
Batting: RHB Scott Wiggs
|
0-0: Ball 1-0: Ball 2-0: Ball 3-0: Called Strike 3-1: SINGLE (Groundball, 6MD, EV 99.4 MPH) Ryan Chicoine to third Jonathan Gallup to second Runner from 3rd tries for Home, SAFE, throw by CF to home
|
Batting: LHB Tomas Segarra
|
0-0: Hit by Pitch Jonathan Gallup to third Scott Wiggs to second
|
Batting: LHB Alan Bianchard
|
0-0: Ball 1-0: Called Strike 1-1: Called Strike 1-2: Ball 2-2: Fly out, F8 (Flyball, 8RD, EV 93.8 MPH)
|
Top of the 5th over - 2 runs, 3 hits, 1 error, 3 left on base; Midland 3 - Corpus Christi 1 |
BOTTOM OF THE 5TH |
Corpus Christi Hooks batting - Pitching for Midland RockHounds : RHP Mike Staus
|
Batting: LHB Jackson Trottier
|
0-0: Called Strike 0-1: Foul Ball, location: 2F 0-2: Strikes out swinging
|
Batting: RHB Evan Fry
|
0-0: Ball 1-0: Ground out 6-3 (Groundball, 56, EV 85.6 MPH)
|
Batting: RHB Edgar Trejo
|
0-0: Ball 1-0: Ball 2-0: Called Strike 2-1: Foul Ball, location: 2F 2-2: Fly out, F8 (Line Drive, 8LD, EV 91.2 MPH)
|
Bottom of the 5th over - 0 runs, 0 hits, 0 errors, 0 left on base; Midland 3 - Corpus Christi 1 |
TOP OF THE 6TH |
Midland RockHounds batting - Pitching for Corpus Christi Hooks : LHP Mike Holloway
|
Batting: LHB Tom Raupp
|
0-0: Ball 1-0: Ball 2-0: Ball 3-0: Base on Balls
|
Batting: RHB Todd Vanasco
|
0-0: Called Strike 0-1: Ball 1-1: Fly out, F9 (Flyball, 89M, EV 92.5 MPH)
|
Batting: LHB Jose Mojica
|
0-0: Ball 1-0: Grounds into double play, 4-6-3 (Groundball, 4M, EV 91.9 MPH)
|
Top of the 6th over - 0 runs, 0 hits, 0 errors, 0 left on base; Midland 3 - Corpus Christi 1 |
BOTTOM OF THE 6TH |
Corpus Christi Hooks batting - Pitching for Midland RockHounds : RHP Mike Staus
|
Batting: RHB Sean Mounts
|
0-0: Ball 1-0: Foul Ball, location: 2F 1-1: Ball 2-1: Ball 3-1: Foul Ball, location: 2F 3-2: SINGLE (Line Drive, 34D, EV 99.4 MPH)
|
Batting: RHB Bruce Bermudez
|
0-0: Ball Sean Mounts is caught stealing 2nd base 2-4 1-0: Ball 2-0: Called Strike 2-1: Foul Ball, location: 2F 2-2: Foul Ball, location: 2F 2-2: Strikes out swinging
|
Batting: LHB Josh Birkner
|
0-0: Ball 1-0: Foul Ball, location: 2F 1-1: Ball 2-1: Ground out 6-3 (Groundball, 4MD, EV 101.2 MPH)
|
Bottom of the 6th over - 0 runs, 1 hit, 0 errors, 0 left on base; Midland 3 - Corpus Christi 1 |
TOP OF THE 7TH |
Midland RockHounds batting - Pitching for Corpus Christi Hooks : LHP Mike Holloway
|
Pitching: RHP Tim Watson
|
|
Batting: SHB Robert Santiago
|
0-0: Fly out, F9 (Flyball, 9, EV 91.9 MPH)
|
Batting: SHB Ryan Chicoine
|
0-0: Swinging Strike 0-1: Fly out, F8 (Flyball, 8LD, EV 95.6 MPH)
|
Batting: RHB Jonathan Gallup
|
0-0: Foul Ball, location: 2F 0-1: Ball 1-1: Foul Ball, location: 2F 1-2: Ball 2-2: Ball 3-2: Base on Balls
|
Batting: RHB Scott Wiggs
|
0-0: Ball 1-0: Ball Passed Ball! Jonathan Gallup to second 2-0: Fly out, F9 (Flyball, 89S, EV 94.4 MPH)
|
Top of the 7th over - 0 runs, 0 hits, 0 errors, 1 left on base; Midland 3 - Corpus Christi 1 |
BOTTOM OF THE 7TH |
Corpus Christi Hooks batting - Pitching for Midland RockHounds : RHP Mike Staus
|
Batting: RHB Andrew Pride
|
0-0: Ball 1-0: Swinging Strike 1-1: Ball 2-1: Fly out, F8 (Flyball, 78D, EV 100.0 MPH)
|
Batting: RHB Nick Deegan
|
0-0: Ground out 4-3 (Groundball, 4, EV 84.4 MPH)
|
Batting: RHB Workneh Lagat
|
0-0: Called Strike 0-1: SINGLE (Line Drive, 7S, EV 89.4 MPH)
|
Batting: LHB Jackson Trottier
|
0-0: Ball 1-0: Called Strike 1-1: Foul Ball, location: 2F 1-2: Fly out, F7 (Line Drive, 7S, EV 88.1 MPH)
|
Bottom of the 7th over - 0 runs, 1 hit, 0 errors, 1 left on base; Midland 3 - Corpus Christi 1 |
TOP OF THE 8TH |
Midland RockHounds batting - Pitching for Corpus Christi Hooks : RHP Tim Watson
|
Batting: LHB Tomas Segarra
|
0-0: Ball 1-0: Called Strike 1-1: Fly out, F9 (Flyball, 9, EV 90.6 MPH)
|
Batting: LHB Alan Bianchard
|
0-0: Called Strike 0-1: Called Strike 0-2: Ball 1-2: Ball 2-2: Strikes out swinging
|
Batting: LHB Tom Raupp
|
0-0: DOUBLE (Line Drive, 9LD, EV 108.1 MPH)
|
Batting: RHB Todd Vanasco
|
0-0: Swinging Strike 0-1: Ball 1-1: Fly out, F6 (Popup, 6M, EV 56.9 MPH)
|
Top of the 8th over - 0 runs, 1 hit, 0 errors, 1 left on base; Midland 3 - Corpus Christi 1 |
BOTTOM OF THE 8TH |
Corpus Christi Hooks batting - Pitching for Midland RockHounds : RHP Mike Staus
|
Pitching: LHP Kevin Barteaux
|
|
Batting: RHB Evan Fry
|
0-0: SOLO HOME RUN (Line Drive, 9D, EV 98.8 MPH), Distance : 370 ft
|
Batting: RHB Edgar Trejo
|
0-0: Called Strike 0-1: Called Strike 0-2: Ground out 6-3 (Groundball, 6, EV 84.4 MPH)
|
Batting: RHB Sean Mounts
|
0-0: Ball 1-0: Foul Ball, location: 2F 1-1: Ball 2-1: Ball 3-1: Base on Balls
|
Batting: RHB Bruce Bermudez
|
0-0: Swinging Strike 0-1: Called Strike 0-2: Strikes out looking
|
Batting: RHB Juan Mendoza
|
0-0: Ball 1-0: Called Strike 1-1: Foul Ball, location: 2F 1-2: Strikes out swinging
|
Bottom of the 8th over - 1 run, 1 hit, 0 errors, 1 left on base; Midland 3 - Corpus Christi 2 |
TOP OF THE 9TH |
Midland RockHounds batting - Pitching for Corpus Christi Hooks : RHP Tim Watson
|
Pitching: RHP Calisto Morda
|
|
Batting: LHB Jose Mojica
|
0-0: Ball 1-0: Fly out, F7 (Line Drive, 78M, EV 105.6 MPH)
|
Batting: SHB Robert Santiago
|
0-0: Ball 1-0: Swinging Strike 1-1: Called Strike 1-2: Foul Ball, location: 2F 1-2: Strikes out swinging
|
Batting: SHB Ryan Chicoine
|
0-0: Ball 1-0: Foul Ball, location: 2F 1-1: Foul Ball, location: 2F 1-2: Foul Ball, location: 2F 1-2: Ball 2-2: Foul Ball, location: 2F 2-2: Fly out, F7 (Flyball, 7S, EV 80.6 MPH)
|
Top of the 9th over - 0 runs, 0 hits, 0 errors, 0 left on base; Midland 3 - Corpus Christi 2 |
BOTTOM OF THE 9TH |
Corpus Christi Hooks batting - Pitching for Midland RockHounds : LHP Kevin Barteaux
|
Pitching: RHP John Shutt
|
|
Now at 1B: Nick Pacheco
|
|
Batting: RHB Andrew Pride
|
0-0: Ball 1-0: Ball 2-0: Foul Ball, location: 2F 2-1: Ball 3-1: Fly out, F9 (Flyball, 9LD, EV 100.6 MPH)
|
Batting: RHB Nick Deegan
|
0-0: Ground out U3 (Groundball, 3L, EV 106.2 MPH)
|
Batting: RHB Workneh Lagat
|
0-0: Ball 1-0: Called Strike 1-1: Ground out 6-3 (Groundball, 56, EV 90.6 MPH)
|
Bottom of the 9th over - 0 runs, 0 hits, 0 errors, 0 left on base; Midland 3 - Corpus Christi 2 |
|